 Dungeon Crawl Stone Soup version 0.17.1-2-g5865329 (webtiles) character file.

74 ololoev the Skirmisher (level 4, 13/52 HPs)
             Began as a Demonspawn Berserker on Jan 22, 2016.
             Was a Believer of Trog.
             Quit the game on level 4 of the Dungeon.
             The game lasted 00:04:06 (497 turns).

ololoev the Skirmisher (Demonspawn Berserker)        Turns: 497, Time: 00:04:06

Health: 13/52      AC: 12    Str: 23    XL:     4   Next: 10%
Magic:  4/4        EV:  7    Int:  9    God:    Trog [**....]
Gold:   90         SH:  0    Dex: 12    Spells: 0 memorised, 3 levels left

rFire  + . .     SeeInvis .     a - +0 hand axe
rCold  . . .     Clarity  .     l - +0 plate armour
rNeg   . . .     SustAt   .     (no shield)
rPois  .         Gourm    .     (no helmet)
rElec  .         Spirit   .     (no cloak)
rCorr  .         Warding  .     (no gloves)
rMut   .         Stasis   .     (no boots)
MR     +++..                    (no amulet)
Stlth  ..........               (no ring)
                                j - ring of protection from magic

@: berserking, mildly poisoned (13 -> 13), regenerating, very quick, extremely
resistant to hostile enchantments, extremely unstealthy
A: icy blue scales 1, fire resistance 1, nightstalker 1
a: Berserk, Trog's Hand, Burn Spellbooks, Renounce Religion


Innate Abilities, Weirdness & Mutations

You are partially covered in icy blue scales (AC +1).
Your flesh is heat resistant.
You are slightly more attuned to the shadows.

Inventory:

Hand Weapons
 a - a +0 hand axe (weapon)
Armour
 l - a +0 plate armour (worn)
Jewellery
 j - a ring of protection from magic (left hand)
Scrolls
 g - 4 scrolls of remove curse {unknown}
 h - 2 scrolls of teleportation {unknown}
 i - a scroll of magic mapping {unknown}
 n - a scroll of recharging {unknown}
 o - a scroll of identify {unknown}
 q - 3 scrolls of enchant armour {unknown}
Potions
 d - 2 potions of curing {unknown}
 e - 2 potions of magic {unknown}
 f - a potion of mutation {unknown}
 m - a potion of invisibility {unknown}
 p - a potion of poison {unknown}
Comestibles
 b - 4 chunks of flesh
 c - a bread ration
 k - 2 fruits


   Skills:
 + Level 3.5 Fighting
 + Level 3.4 Axes
 + Level 2.2 Armour
 + Level 2.4 Dodging


You had 3 spell levels left.
You didn't know any spells.


You were on level 4 of the Dungeon.
You worshipped Trog.
Trog was pleased with you.
You were not hungry.

You visited 1 branch of the dungeon, and saw 4 of its levels.

You collected 90 gold pieces.

### #.##)......
#..#.#.####
#.#.......###
#.#..........
#.#..<....###.##
#...............
###.......###
#..[....#
#....@..#
#.##..### #.
#..# # #..# #..#
#... ##.#

Notes
Turn   | Place    | Note
--------------------------------------------------------------
     0 | D:1      | ololoev the Demonspawn Berserker began the quest for the Orb.
     0 | D:1      | Reached XP level 1. HP: 18/18 MP: 1/1
   214 | D:3      | Gained mutation: You are partially covered in icy blue scales (AC +1). [demonic ancestry]
   214 | D:3      | Reached XP level 2. HP: 22/24 MP: 2/2
   349 | D:4      | Gained mutation: You are slightly more attuned to the shadows. [demonic ancestry]
   349 | D:4      | Reached XP level 3. HP: 20/29 MP: 3/3
   445 | D:4      | Reached ** piety under Trog
   496 | D:4      | Gained mutation: Your flesh is heat resistant. [demonic ancestry]
   496 | D:4      | Reached XP level 4. HP: 13/35 MP: 4/4
   497 | D:4      | Quit the game

Dungeon Overview and Level Annotations

Branches:
Dungeon (4/15)
 Temple: D:4-7

Altars:


Message History

Trog accepts your kill.
You see here a worm corpse.
You now have 90 gold pieces (gained 11).
(D) Dungeon
Where to? (Enter - D:4, ? - help)
You see here a worm corpse.
There is a stone staircase leading down here.
You climb downwards.
There is a stone staircase leading up here.
An adder comes into view.
The adder bites you but does no damage.
You completely miss the adder. The adder bites you.
The adder barely misses you.
You miss the adder. The adder closely misses you.
You miss the adder. The adder bites you. The adder bites you.
You are poisoned.
The adder poisons you!
You closely miss the adder.
You feel sick. The adder bites you.
You are more poisoned.
The adder poisons you!
You hit the adder.
The adder is moderately wounded.
You feel sick. The adder bites you.
Use which ability? (? or * to list)
Your skin crawls.
You feel resistant to hostile enchantments.
You feel slightly more hungry.
You feel sick.
The adder bites you but does no damage. x2
Use which ability? (? or * to list)
A red film seems to cover your vision as you go berserk!
You feel yourself moving faster!
You feel mighty!
You feel somewhat more hungry. The adder bites you but does no damage.
You slash the adder!
You kill the adder!
Trog accepts your kill.
You have reached level 4!
You feel clever.
Your demonic ancestry asserts itself...
You feel resistant to heat.
You feel sick.
Are you sure you want to abandon this character and quit the game? (Confirm with "yes".)

There were no monsters in sight!

Vanquished Creatures
  A worker ant (D:4)
  3 adders (D:4)
  A worm (D:3)
  A giant gecko (D:3)
  An orc (D:4)
  2 giant cockroaches
  2 goblins (D:1)
  A hobgoblin (D:1)
  A kobold (D:1)
  A giant newt (D:3)
  3 jackals (D:3)
  2 rats (D:1)
19 creatures vanquished.

Action                   |  1- 3 |  4- 6 || total
-------------------------+-------+-------++-------
Melee: Hand axe          |    63 |       ||    63
Invok: Berserk           |     3 |       ||     3
       Trog's Hand       |     1 |       ||     1
  Eat: Chunk             |     1 |       ||     1

Vault maps used:
D:1:      dpeg_arrival_three_smaller_balls
D:2:      st_stairs_9
D:3:      nicolae_overflow_crystal_walls, marbit_many_paths, serial_curves,
          eino_curves_02, eino_curves_04, eino_curves_04
D:4:      minmay_misc_feat_encased
